AoeStats
← Ennzo

Pilgrims

507020843Analyzed
4v4 RM · 16d ago on Sep 16, 2026· 24m 20s· 8 players
Game mode
Random Map
Map size
Large (8 player)
Population
200
Speed
Normal
Resources
Standard
Victory
Conquest
Starting age
Dark Age
Ending age
Imperial Age
RankedLock teamsTeams togetherTeam positionsShared explorationLock speedFull tech treeHidden civsTurbo modeCheats
Victory
Defeat
1077
+12
🇹🇼 Shu · Taiwan
1071
+12
🇲🇽 Jurchens · Mexico
1011
+14
🇲🇽 Spanish · Mexico
983
+15
🇵🇱 Cumans · Poland
1021
-15
🇫🇷 Slavs · France
979
-13
🇧🇪 Chinese · Belgium
962
-13
🇸🇪 Japanese · Sweden
955
-12
Ennzo
14:51 Feudal Age
15:44 Double-Bit Axe
19:40 Fletching
19:50 Padded Archer Armor
gädda
14:48 Feudal Age
15:42 Fishing Lines
16:55 Loom
19:38 Castle Age
17:39 Double-Bit Axe
17:55 Gold Mining
17:59 Stone Mining
20:58 Squires
20:43 Gambesons
20:44 Arson
georgke.be
4:08 Loom
11:36 Feudal Age
14:23 Gold Mining
15:47 Double-Bit Axe
15:54 Horse Collar
17:46 Fletching
17:57 Padded Archer Armor
21:23 Scale Mail Armor
21:33 Forging
23:48 Castle Age
24:23 Stone Mining
25:14 Gold Shaft Mining
24:04 Crossbowman
Pegasus75
4:29 Loom
12:53 Feudal Age
13:51 Man-at-Arms
14:27 Double-Bit Axe
14:24 Horse Collar
15:54 Gold Mining
17:26 Wheelbarrow
21:26 Castle Age
21:40 Long Swordsman
22:21 Squires
McLain40
4:09 Loom
11:40 Feudal Age
17:18 Fishing Lines
20:52 Castle Age
Javier137649
4:08 Loom
11:41 Feudal Age
20:01 Castle Age
18:09 Double-Bit Axe
18:22 Horse Collar
20:53 Gold Mining
超自然震動
12:00 Feudal Age
12:12 Loom
12:51 Double-Bit Axe
13:02 Gold Mining
14:58 Fletching
15:19 Forging
22:15 Castle Age
21:59 Padded Archer Armor
21:54 Horse Collar
22:51 Wheelbarrow
22:27 Crossbowman
23:15 Thumb Ring
23:24 Bodkin Arrow
AFK or first to leave? EATMY ass
12:23 Feudal Age
17:00 Castle Age
18:06 Double-Bit Axe
Connection lost

Rejoining the realm…

Still unreachable

The connection could not be restored.

Session expired

The server has moved on; the page needs a fresh start.